 Dungeon Crawl Stone Soup version 0.29.1-15-g9cfb28693d (webtiles) character file.

Game seed: 14004205871845239922

18 Mickster the Ducker (level 2, -8/24 HPs)
             Began as a Demigod Gladiator on Feb 22, 2023.
             Killed by an exploding bat (23 damage)
             ... ignited by their inner flame
             ... on level 1 of the Dungeon.
             The game lasted 00:06:10 (531 turns).

Mickster the Ducker (Demigod Gladiator)              Turns: 531, Time: 00:06:10

Health: -8/24      AC:  4    Str: 15    XL:     2   Next: 33%
Magic:  4/4        EV: 12    Int: 10    God:
Gold:   25         SH:  0    Dex: 15    Spells: 1/1 levels left

rFire   . . .      SeeInvis .   a - +0 war axe (venom)
rCold   . . .      Faith    .   (no shield)
rNeg    . . .      Spirit   .   b - +0 leather armour
rPois   .          Reflect  .   c - +0 helmet
rElec   .          Harm     .   (no cloak)
rCorr   .          Rampage  .   (no gloves)
Will    .....                   (no boots)
Stlth   +.........              (no amulet)
HPRegen 0.08/turn               (no ring)
MPRegen 0.09/turn               (no ring)

@: no status effects
A: high MP 1, forlorn, divine attributes
a: no special abilities


You were on level 1 of the Dungeon.
You visited 1 branch of the dungeon, and saw 1 of its levels.

You collected 25 gold pieces.

Inventory:

Hand Weapons
 a - a +0 war axe of venom (weapon)
Missiles
 d - 3 throwing nets (quivered)
 e - a javelin
Armour
 b - a +0 leather armour (worn)
 c - a +0 helmet (worn)


   Skills:
 + Level 1.8 Fighting
 + Level 2.8 Axes
 + Level 1.8 Throwing
 + Level 3.3 Dodging


You had one spell level left.
You didn't know any spells.
Your spell library contained the following spells:

 Spells                   Type           Power      Damage    Failure   Level
 Apportation              Tloc           0%         N/A       43%         1
 Alistair's Intoxication  Tmut/Pois      0%         N/A       100%        5


Dungeon Overview and Level Annotations

Branches:
Dungeon (1/15)


Innate Abilities, Weirdness & Mutations

You have an increased reservoir of magic. (+10% MP)
You shall have no god before yourself.
Your divine heritage dramatically boosts your attributes as you level up.


Message History

You miss the bat. The bat hits you. The bat hits you but does no damage.
The bat hits you.
The quokka bites you but does no damage.
The quokka bites you.
You slash the quokka!
You kill the quokka!
You hit the bat.
The bat is poisoned.
The bat barely misses you. The bat closely misses you.
The bat hits you but does no damage. The bat barely misses you.
The bat closely misses you.
You completely miss the bat.
The bat is moderately wounded.
The bat barely misses you. The bat hits you.
You barely miss the bat.
The bat is moderately wounded.
The bat barely misses you. The bat hits you but does no damage.
The bat barely misses you. The bat barely misses you.
Found a hand axe.
The bat closely misses you. x2
The bat hits you but does no damage.
You kill the bat!
A rat comes into view.
Found 8 gold pieces and a scale mail.
You barely miss the rat. The rat barely misses you.
You closely miss the rat. The rat bites you. The rat misses you.
You hit the rat.
You kill the rat!
Things that are here:
a +0 hand axe; a rat corpse You now have 25 gold pieces (gained 8).
A bat comes into view.
The bat hits you but does no damage. The bat barely misses you.
As you read the scroll labelled YDUABOCONK, it crumbles to dust.
The creatures around you are filled with an inner flame!
It was a scroll of immolation.
The bat hits you. The bat barely misses you.
You slash the bat!
The bat explodes!
The fiery explosion engulfs you!!
Ouch! That really hurt!
You die...

.# +# ##.# ####
###.######...# ##<#
##....##....... ...##
#.#.......8#8.#
##..##..#.......#[#.#
##....##.......8#8.#..#
##...####.......@ยง....#
....## #.....#####..##
##.## #..).### #
#'######......#
#.##..##..###.#
##..##.#..# .#
#######..# .# #....###.#
#.#......#


There were no monsters in sight!

Vanquished Creatures
  A dart slug (D:1)
  3 endoplasms (D:1)
  A giant cockroach (D:1)
  A quokka (D:1)
  A ball python (D:1)
  4 bats (D:1)
  A frilled lizard (D:1)
  2 goblins (D:1)
  2 rats (D:1)
16 creatures vanquished.

Notes
Turn   | Place    | Note
-------+----------+-------------------------------------------
     0 | D:1      | Mickster the Demigod Gladiator began the quest for the Orb.
     0 | D:1      | Reached XP level 1. HP: 17/17 MP: 3/3
   114 | D:1      | Reached skill level 3 in Dodging
   464 | D:1      | Reached XP level 2. HP: 24/24 MP: 4/4
   531 | D:1      | Killed by an exploding bat... ignited by their inner flame

Illustrated notes

Levels and vault maps discovered:
D:1:      dpeg_arrival_round_a, layout_loops_corners, minmay_statues_item

Skill      XL: |  1 |
---------------+----+-----
Dodging        | 3 |  3.3
Fighting       | |  1.8
Axes           | |  2.8
Throwing       | |  1.8

Action                   || total
-------------------------++-------
Melee: War axe           ||    34
       Punch             ||     1
  Use: Scroll            ||     4
       Potion            ||     3
Armor: Leather armour    ||    24
Dodge: Dodged            ||    48
